 Dungeon Crawl Stone Soup version 0.23.2-33-g5129a83184 (webtiles) character file.

Game seed: 17562521066881722791

84 Meegle the Firebug (level 4, -1/24 HPs)
             Began as a Deep Elf Fire Elementalist on July 5, 2019.
             Killed from afar by an orc wizard (8 damage)
             ... with a magic dart
             ... on level 3 of the Dungeon.
             The game lasted 00:03:48 (1757 turns).

Meegle the Firebug (Deep Elf Fire Elementalist)     Turns: 1757, Time: 00:03:49

Health: -1/24      AC:  2    Str:  5    XL:     4   Next: 23%
Magic:  4/12       EV: 13    Int: 21    God:
Gold:   87         SH:  0    Dex: 15    Spells: 5/11 levels left

rFire    . . .     SeeInvis .   (no weapon)
rCold    . . .     Gourm    .   (no shield)
rNeg     . . .     Faith    .   a - +0 robe
rPois    .         Spirit   .   (no helmet)
rElec    .         Reflect  .   (no cloak)
rCorr    .         Harm     .   (no gloves)
MR       .....                  (no boots)
Stlth    ++........             (no amulet)
HPRegen  0.08/turn              (no ring)
MPRegen  0.13/turn              (no ring)

@: no status effects
A: no striking features
a: no special abilities


You were on level 3 of the Dungeon.
You were not hungry.

You visited 1 branch of the dungeon, and saw 3 of its levels.

You collected 87 gold pieces.

Inventory:

Armour
 a - a +0 robe (worn)
Scrolls
 b - 2 scrolls of blinking {unknown}
 d - a scroll of magic mapping {unknown}
 i - 2 scrolls of remove curse {unknown}
 j - a scroll of identify {unknown}
Potions
 e - 4 potions of lignification {unknown}
 f - a potion of flight {unknown}
 g - a potion of heal wounds {unknown}
 h - a potion of degeneration {unknown}
Comestibles
 c - 8 rations


   Skills:
 + Level 2.6 Dodging
 + Level 2.6 Stealth
 + Level 4.0 Spellcasting
 + Level 1.8 Conjurations
 + Level 4.6 Fire Magic


You had 5 spell levels left.
You knew the following spells:

 Your Spells              Type           Power        Failure   Level  Hunger
a - Flame Tongue          Conj/Fire      ###..        3%          1    None
b - Throw Flame           Conj/Fire      ###...       4%          2    #......
c - Conjure Flame         Conj/Fire      ###.....     10%         3    ###....

Your spell library contained the following spells:

 Spells                   Type           Power        Failure   Level  Hunger
 Inner Flame              Hex/Fire       ##......     14%         3    ###....
 Sticky Flame             Conj/Fire      ###.....     30%         4    ####...
 Fireball                 Conj/Fire      ###.......   65%         5    ######.


Dungeon Overview and Level Annotations

Branches:
Dungeon (3/15)

Altars:
Wu Jian


Message History

Press: ? - help, Shift-Dir - straight line The flame tongue hits something!
You hear some strange, mumbled words.
A puff of flame appears from out of thin air!
The puff of flame hits you!
* * * LOW HITPOINT WARNING * * *
Casting: Flame Tongue (safe; 3% risk of failure)
Confirm with . or Enter, or press ? or * to list all spells.
Aiming: Flame Tongue (safe; 3% risk of failure)
Press: ? - help, Shift-Dir - straight line The flame tongue hits something.
Something hits you but does no damage.
Casting: Flame Tongue (safe; 3% risk of failure)
Confirm with . or Enter, or press ? or * to list all spells.
Aiming: Flame Tongue (safe; 3% risk of failure)
Press: ? - help, Shift-Dir - straight line The flame tongue hits the hobgoblin but does no damage.
You hear some strange, mumbled words.
A magic dart appears from out of thin air!
The magic dart hits you!
You die...

###########
#.........#
#.....[.$.#
#.....)@..#
#......{.(#
#......g..#
#.........#
#..........
######.###..
#. #.. #.
..#


You could see a hobgoblin.

Vanquished Creatures
  A jelly (D:2)
  2 oozes (D:1)
  A dart slug (D:1)
  3 orcs (D:3)
  7 bats
  2 giant cockroaches (D:1)
  2 goblins
  8 hobgoblins
  2 frilled lizards
  3 kobolds (D:1)
  7 rats
38 creatures vanquished.

Notes
Turn   | Place    | Note
-------+----------+-------------------------------------------
     0 | D:1      | Meegle the Deep Elf Fire Elementalist began the quest for
                  | the Orb.
     0 | D:1      | Reached XP level 1. HP: 10/10 MP: 6/6
    54 | D:1      | Reached XP level 2. HP: 15/15 MP: 5/8
   608 | D:1      | Reached XP level 3. HP: 19/19 MP: 6/9
   644 | D:1      | Learned a level 2 spell: Throw Flame
   648 | D:1      | Learned a level 3 spell: Conjure Flame
  1010 | D:2      | Reached XP level 4. HP: 24/24 MP: 8/11
  1716 | D:2      | Found an ornate altar of the Wu Jian Council.
  1757 | D:3      | Killed from afar by an orc wizard

Skill      XL: |  1  2  3  4 |
---------------+-------------+-----
Fire Magic     | 4 |  4.6
Spellcasting   | 4 |  4.0
Dodging        | |  2.6
Stealth        | |  2.6
Conjurations   | |  1.8

Action                   |  1- 3 |  4- 6 || total
-------------------------+-------+-------++-------
Melee: Unarmed           |     1 |       ||     1
 Cast: Flame Tongue      |    48 |    18 ||    66
  Eat: Chunk             |       |     2 ||     2
Armor: Robe              |     3 |       ||     3
Dodge: Dodged            |    14 |     2 ||    16
